 Dungeon Crawl Stone Soup version 0.28-a0-535-g6f645e4c1d (webtiles) character file.

Game seed: 10500315070488095830

116 Zenkrye the Cudgeller (level 4, -5/37 HPs)
             Began as a Palentonga Abyssal Knight on Sept 26, 2021.
             Was a Believer of Lugonu.
             Slain by a gnoll (7 damage)
             ... on level 3 of the Dungeon.
             The game lasted 00:08:12 (2907 turns).

Zenkrye the Cudgeller (Palentonga Abyssal Knight)   Turns: 2907, Time: 00:08:13

Health: -5/37      AC:  6    Str: 18    XL:     4   Next: 69%
Magic:  6/6        EV:  7    Int: 14    God:    Lugonu [**....]
Gold:   71         SH:  0    Dex: 10    Spells: 3/3 levels left

rFire   . . .      SeeInvis +   a - +2 mace
rCold   + + +      Faith    .   (no shield)
rNeg    + . .      Spirit   .   g - +0 scale mail
rPois   +          Reflect  .   (no helmet)
rElec   .          Harm     .   (no cloak)
rCorr   +          Rampage  .   (no gloves)
Will    .....                   (no barding)
Stlth   ..........              (no amulet)
HPRegen 0.12/turn               n - ring of positive energy
MPRegen 0.10/turn               f - ring of the Morning {rPois rC+++ rCorr Int+4}

@: no status effects
A: large, rugged brown scales 3, see invisible, deformed body, roll 1, armoured
tail
a: Rolling Charge, Renounce Religion, Depart the Abyss, Bend Space


You were on level 3 of the Dungeon.
You worshipped Lugonu.
Lugonu was pleased with you.
You visited 1 branch of the dungeon, and saw 3 of its levels.
You visited the Abyss 1 time.

You collected 1059 gold pieces.
You spent 988 gold pieces at shops.

Inventory:

Hand Weapons
 a - a +2 mace (weapon)
Missiles
 e - 44 stones
 k - 11 boomerangs (quivered)
Armour
 b - a +0 leather armour
 g - a +0 scale mail (worn)
 h - a +0 plate armour
 m - a +0 tower shield
Jewellery
 f - the ring of the Morning (right hand) {rPois rC+++ rCorr Int+4}
   (You bought it in a shop on level 2 of the Dungeon)

   [ring of poison resistance]

   Int:       It affects your intelligence (+4).
   rC:        It renders you almost immune to cold.
   rPois:     It protects you from poison.
   rCorr:     It protects you from acid and corrosion.
 n - a ring of positive energy (left hand)
Scrolls
 c - 2 scrolls of teleportation {@r3}
 i - 3 scrolls of identify {@r1}
 j - a scroll of blinking {@r4}
 o - a scroll of amnesia
Potions
 l - a potion of brilliance {unknown}


   Skills:
 - Level 3.0 Fighting
 * Level 4.2 Maces & Flails
 - Level 1.5 Armour
 - Level 0.7 Dodging
 + Level 3.3 Invocations


You had 3 spell levels left.
You didn't know any spells.
Your spell library was empty.

Dungeon Overview and Level Annotations

Branches:
Dungeon (3/15)

Altars:
Wu Jian

Shops:
D:2 =


Innate Abilities, Weirdness & Mutations

You are completely covered in rugged brown scales. (AC +3, +7% HP)
You have supernaturally acute eyesight. (SInv)
Armour fits poorly on your strangely shaped body.
You can roll at nearby foes to attack.
You have a long armoured tail.


Message History

The boomerang hits the gnoll but does no damage.
Throw: 11 boomerangs
Press: ? - help, Q - select action, (/) - cycle Shift-Dir - straight line, f/p - gnoll
Aim: a gnoll, wielding a +0 halberd (60% to hit)
You throw a boomerang. The boomerang hits the gnoll.
The gnoll is moderately wounded.
Throw: 11 boomerangs
Press: ? - help, Q - select action, (/) - cycle Shift-Dir - straight line, f/p - gnoll
Aim: a gnoll, wielding a +0 halberd (moderately wounded, 60% to hit)
You throw a boomerang. The boomerang barely misses the gnoll.
Roll where?
Press: ? - help, Dir - move target, f/p - gnoll
Aim: a gnoll, wielding a +0 halberd (moderately wounded)
You roll forward with a clatter of scales!
You barely miss the gnoll.
The gnoll is moderately wounded.
The gnoll closely misses you.
You closely miss the gnoll.
Your tail-slap misses the gnoll.
The gnoll is moderately wounded.
The gnoll hits you with a +0 halberd! x2
You hit the gnoll.
The gnoll is heavily wounded.
The gnoll hits you but does no damage.
You hit the gnoll.
The gnoll is severely wounded.
The gnoll hits you with a +0 halberd.
You hit the gnoll.
The gnoll is almost dead.
The gnoll hits you with a +0 halberd.
* * * LOW HITPOINT WARNING * * *
You barely miss the gnoll.
Your tail-slap misses the gnoll.
The gnoll is almost dead.
The gnoll hits you with a +0 halberd.
* * * LOW HITPOINT WARNING * * *
You barely miss the gnoll.
The gnoll is almost dead.
The gnoll hits you with a +0 halberd.
* * * LOW HITPOINT WARNING * * *
The gnoll hits you with a +0 halberd!
You die...

#.# #...##..#..> #.#
#......##..#
##.#####.....###..#
#..........#..##..#
#......###.##..#...
#......# #.....#.#.
#......###.....†...
#.g............#...
#.@......>.........
##.####............
#.# ###..........
... #.........†
.....####..........
#...._#.............
#.....#.####..##..#.
#..................#
#.....##......###...


You could see a gnoll.

Vanquished Creatures
  A gnoll shaman (D:2)
  A gnoll (D:2)
  An adder (D:2)
  A worm (D:3)
  2 dart slugs (D:1)
  6 ball pythons
  3 endoplasms (D:2)
  4 giant cockroaches
  3 hobgoblins
  6 jackals
  5 quokkas
  6 bats
  5 frilled lizards
  5 goblins
  4 kobolds
  6 rats
59 creatures vanquished.

Notes
Turn   | Place    | Note
-------+----------+-------------------------------------------
     0 | Abyss:1  | Zenkrye the Palentonga Abyssal Knight began the quest for
                  | the Orb.
     0 | Abyss:1  | Reached XP level 1. HP: 19/19 MP: 2/2
     4 | Abyss:1  | Found a corrupted altar of Lugonu.
    82 | Abyss:1  | Noticed an apocalypse crab
    83 | D:1      | Escaped the Abyss
   400 | D:1      | Reached XP level 2. HP: 25/25 MP: 3/3
   400 | D:1      | Reached * piety under Lugonu
   545 | D:1      | Found a faded altar of an unknown god.
   676 | D:1      | Reached skill level 3 in Maces & Flails
  1205 | D:2      | Reached XP level 3. HP: 31/31 MP: 4/4
  1489 | D:2      | Reached ** piety under Lugonu
  1783 | D:2      | Found Betereh's Jewellery Shoppe.
  1996 | D:2      | Identified a scroll of acquirement
  1996 | D:2      | Acquired 925 gold pieces
  2021 | D:2      | Bought the ring of the Morning {rPois rC+++ rCorr Int+4}
                  | for 988 gold pieces
  2204 | D:3      | Reached XP level 4. HP: 34/37 MP: 6/6
  2562 | D:2      | Reached skill level 4 in Maces & Flails
  2895 | D:3      | Found an ornate altar of the Wu Jian Council.
  2907 | D:3      | Slain by a gnoll

Illustrated notes

Levels and vault maps discovered:
D:1:      wheals_arrival_shading, layout_basic,
          hellmonk_ecumenical_altar_leap_of_faith, minmay_pentomino_u4
D:2:      layout_basic, serial_shops, nicolae_lakefront_shop
D:3:      layout_rooms, overflow_temple_1_default

Skill      XL: |  1  2  3  4 |
---------------+-------------+-----
Maces & Flails | 3 4 |  4.2
Invocations    | 3 |  3.3
Fighting       | |  3.0
Armour         | |  1.5
Dodging        | |  0.7

Action                   |  1- 3 |  4- 6 || total
-------------------------+-------+-------++-------
Melee: Mace              |   105 |    39 ||   144
       Tailslap          |     9 |     2 ||    11
Throw: Stone             |    54 |    19 ||    73
       Boomerang         |     2 |    13 ||    15
Invok: Depart the Abyss  |     1 |       ||     1
 Abil: Rolling Charge    |    17 |     2 ||    19
  Use: Scroll            |     6 |       ||     6
       Potion            |       |     2 ||     2
Armor: Leather armour    |    29 |       ||    29
       Scale mail        |    32 |    11 ||    43
Dodge: Dodged            |    53 |    13 ||    66

Table legend: (Time is in decaauts)
 A = Elapsed time spent in this place.
 B = Non-inter-level travel time spent in this place.
 C = Inter-level travel time spent in this place.
 D = Time resting spent in this place.
 E = Time spent auto-exploring this place.
 F = Levels seen in this place.
 G = Mean time per level.
                   A        B        C        D        E       F      G
               +--------+--------+--------+--------+--------+-----+--------+
         Total |   2955 |   2739 |    216 |    336 |   1842 |   4 |  738.8 |
       Dungeon |   2872 |   2656 |    216 |    336 |   1763 |   3 |  957.3 |
         Abyss |     83 |     83 |      0 |      0 |     79 |   1 |   83.0 |
               +--------+--------+--------+--------+--------+-----+--------+

Top non-repeatable levels by time:
     D:2: 1267 daAuts
     D:1: 1059 daAuts
     D:3: 544 daAuts
 Abyss:1: 83 daAuts
